 Dungeon Crawl Stone Soup version 0.27-a0-1137-g3ef0f4ec91 (webtiles) character file.

Game seed: 9253555374030201468

33 Zeld the Skirmisher (level 3, -8/26 HPs)
             Began as an Octopode Fighter on May 6, 2021.
             Killed by divine providence
             ... invoked by an orc priest
              (13 damage)
             ... on level 2 of the Dungeon.
             The game lasted 00:01:03 (1178 turns).

Zeld the Skirmisher (Octopode Fighter)              Turns: 1178, Time: 00:01:04

Health: -8/26      AC:  1    Str: 16    XL:     3   Next: 29%
Magic:  3/3        EV: 11    Int: 10    God:
Gold:   28         SH:  8    Dex: 11    Spells: 2/2 levels left

rFire    . . .     SeeInvis .   a - +0 war axe
rCold    . . .     Faith    .   b - +0 kite shield
rNeg     . . .     Spirit   .   (helmet restricted)
rPois    .         Reflect  .   (no amulet)
rElec    .         Harm     .   (no ring)
rCorr    .         Rampage  .   (no ring)
Will     .....                  (no ring)
Stlth    ++........             (no ring)
HPRegen  0.08/turn              (no ring)
MPRegen  0.08/turn              (no ring)
                                (no ring)
                                (no ring)

@: no status effects
A: almost no armour, amphibious, 8 rings, camouflage 1, gelatinous body 1,
(nimble swimmer 1), tentacles
a: no special abilities


You were on level 2 of the Dungeon.
You visited 1 branch of the dungeon, and saw 2 of its levels.

You collected 28 gold pieces.

Inventory:

Hand Weapons
 a - a +0 war axe (weapon)
Missiles
 i - 8 javelins (quivered)
Armour
 b - a +0 kite shield (worn)
Scrolls
 e - a scroll of amnesia {unknown}
 f - 3 scrolls of teleportation {unknown}
 h - a scroll of fog {unknown}
 j - a scroll of summoning {unknown}
 k - a scroll of immolation {unknown}
Potions
 c - 2 potions of might
 d - a potion of attraction {unknown}
 g - a potion of brilliance {unknown}


   Skills:
 - Level 3.3 Fighting
 - Level 2.4 Axes
 * Level 1.2 Throwing
 - Level 3.0 Dodging
 - Level 3.3 Shields


You had 2 spell levels left.
You didn't know any spells.
Your spell library contained the following spells:

 Spells                   Type           Power      Damage    Failure   Level
 Beastly Appendage        Tmut           0%         N/A       86%         1
 Wereblood                Tmut           0%         N/A       95%         2
 Spider Form              Tmut/Pois      0%         N/A       99%         3
 Ice Form                 Ice/Tmut       0%         N/A       100%        4
 Hydra Form               Tmut           0%         N/A       100%        5


Dungeon Overview and Level Annotations

Branches:
Dungeon (2/15)

Altars:


Innate Abilities, Weirdness & Mutations

You cannot wear most types of armour.
You are amphibious.
You can wear up to eight rings at the same time.
Your skin changes colour to match your surroundings (Stealth+).
Your rubbery body absorbs attacks. (AC +1, EV +1)
((You are camouflaged near water. (Stealth+)))
You have tentacles for arms and can constrict up to eight enemies at once.


Message History

The orc shouts!
You hear a shout! x3
An orc comes into view. It is wielding a +0 falchion.
The kobold shouts!
You hear a shout! x2
You see here a scroll labelled GEWNES VUEK.
k - a scroll labelled GEWNES VUEK You closely miss the orc.
You grab the orc. You squeeze the orc!
You kill the orc!
The kobold closely misses you.
You closely miss the kobold. Your grab misses the kobold.
You squeeze the kobold.
You kill the kobold!
You barely miss the orc. Your grab misses the orc. You squeeze the orc!
You kill the orc!
Your Throwing skill increases to level 1!
No target in view!
No target in view!
An orc comes into view. It is wielding a +0 hand axe.
The orc moves out of view.
An orc is nearby!
An orc is nearby! 2 orc priests come into view.
An orc priest is wielding a +2 dagger of venom.
The orc priest shouts!
The orc shouts! x2
Items here: ))) [ ††.
You slash the orc!
You kill the orc!
The orc priest calls down the wrath of Beogh upon you.
You barely resist. You closely miss the orc. Your grab misses the orc.
You squeeze the orc!
You kill the orc!
The orc priest barely misses you.
The orc priest mumbles some strange prayers to Beogh against you.
Beogh smites you!
The orc priest invokes the aid of Beogh against you.
Beogh smites you!
* * * LOW HITPOINT WARNING * * *
The orc priest invokes the aid of Beogh against you.
Beogh smites you!
Ouch! That really hurt!
You die...

..####....##.# #.###...
.........# #....##.# #.......
.........# ##.####.#######.##
.........# #.##†...###..#.#
......... #............#.##
......... #..#.#......##...
........# #..#.#...........
......oo# ####..#.#)#######...
########)# #..@..#........##...
.........###.###.#....###.##...
###.......o..# #..........##...
#..........# ##.....######...
#.........## #..#.#######...
#.........# ##.#...........
#.........# #.............
#.........# #####............
...........# ....#............


You could see an orc priest.

Vanquished Creatures
  4 orcs (D:2)
  A ball python (D:1)
  3 endoplasms
  3 giant cockroaches (D:1)
  3 goblins (D:1)
  4 hobgoblins
  3 kobolds
  A bat (D:1)
  A frilled lizard (D:1)
23 creatures vanquished.

Notes
Turn   | Place    | Note
-------+----------+-------------------------------------------
     0 | D:1      | Zeld the Octopode Fighter began the quest for the Orb.
     0 | D:1      | Reached XP level 1. HP: 16/16 MP: 1/1
   124 | D:1      | Reached XP level 2. HP: 18/21 MP: 2/2
   892 | D:2      | Found a faded altar of an unknown god.
  1142 | D:2      | Reached XP level 3. HP: 26/26 MP: 3/3
  1168 | D:2      | Reached skill level 1 in Throwing
  1178 | D:2      | Killed from afar by an orc priest

Illustrated notes

Levels and vault maps discovered:
D:1:      ebering_trefoil_3fold, layout_basic, minmay_tetromino_t2
D:2:      cheibrodos_pilgrimage, layout_basic,
          hellmonk_ecumenical_altar_heavens_door

Skill      XL: |  1  2  3 |
---------------+----------+-----
Throwing       | 1 |  1.2
Fighting       | |  3.3
Axes           | |  2.4
Dodging        | |  3.0
Shields        | |  3.3

Action                   || total
-------------------------++-------
Melee: War axe           ||    35
       Constrict         ||    13
       Tentacles         ||     8
 Stab: Sleeping          ||     8
Armor: Skin              ||     3
Dodge: Dodged            ||    12
Block: Kite shield       ||    13

Table legend: (Time is in decaauts)
 A = Elapsed time spent in this place.
 B = Non-inter-level travel time spent in this place.
 C = Inter-level travel time spent in this place.
 D = Time resting spent in this place.
 E = Time spent auto-exploring this place.
 F = Levels seen in this place.
 G = Mean time per level.
                   A        B        C        D        E       F      G
               +--------+--------+--------+--------+--------+-----+--------+
         Total |   1199 |   1187 |     12 |      0 |   1039 |   2 |  599.5 |
       Dungeon |   1199 |   1187 |     12 |      0 |   1039 |   2 |  599.5 |
               +--------+--------+--------+--------+--------+-----+--------+

Top non-repeatable levels by time:
     D:1: 884 daAuts
     D:2: 315 daAuts
